[Event "British Rapidplay Championship 2023"]
[Site "Mercure Bradford, Bankfield Hotel"]
[Date "2023.04.16"]
[Round "11.8"]
[White "Surtees, Mike J"]
[Black "Hryshchenko, Kamila"]
[Result "0-1"]
[TimeControl "15 minutes plus 10 seconds per move"]
[WhiteElo "2111"]
[BlackElo "2019"]

1. c3 e5 2. d4 e4 3. c4 d6 4. Nc3 f5 5. h4 Nf6 6. Bg5 Be7 7. e3 Be6 8. Nh3 c6 9. d5 Bf7 10.
f3 h6 11. Bxf6 Bxf6 12. g3 Qb6 13. Qd2 exf3 14. O-O-O O-O 15. Nf4 Re8 16. Bh3 Nd7 17. Bxf5 Ne5 18. b3 g6 19. Be6 Bxe6 20.
Ne4 Bh8 21. dxe6 Rad8 22. Rhf1 d5 23. c5 Qb5 24. Nd6 Qxc5+ 25. Qc2 Qxc2+ 26. Kxc2 Rxd6 27. e4 d4 28. Nd3 Rexe6 29. Nxe5 Bxe5 30. Rxf3 Rf6 31. Rfd3 Rf2+ 32.
Kb1 Rdf6 0-1

[Event "British Rapidplay Championship 2023"]
[Site "Mercure Bradford, Bankfield Hotel"]
[Date "2023.04.16"]
[Round "11.9"]
[White "Mikalajunas, Kajus"]
[Black "Edwards-Wright, Miles D"]
[Result "1/2-1/2"]
[TimeControl "15 minutes plus 10 seconds per move"]
[WhiteElo "1778"]
[BlackElo "1937"]

1. e4 g6 2. Nf3 Bg7 3. Bc4 d6 4. O-O a6 5. a4 b6 6. d3 h6 7. Re1 e6 8. c3 Ne7 9. Nbd2 Bb7 10.
Nf1 O-O 11. Ng3 Nd7 12. d4 c5 13. Be3 Nf6 14.
Qc2 Qc7 15. Bd3 c4 16. Bf1 Kh7 17. e5 Nfd5 18. exd6 Qxd6 19. Bxc4 Rac8 20. Bf1 a5 21. Rad1 f5 22. Bc1 Nc6 23.
Qe2 Rfe8 24. Ne5 Nxe5 25. dxe5 Qc6 26. Qb5 Qc7 27. Qe2 Qc6 28. Qb5 Qc7 1/2-1/2

[Event "British Rapidplay Championship 2023"]
[Site "Mercure Bradford, Bankfield Hotel"]
[Date "2023.04.16"]
[Round "11.10"]
[White "Mazek, Marek"]
[Black "Vijayakumar, Rishi"]
[Result "1-0"]
[TimeControl "15 minutes plus 10 seconds per move"]
[WhiteElo "2052"]
[BlackElo "1770"]

1. d4 Nf6 2. c4 e6 3. Nc3 Bb4 4. Qc2 d5 5.
a3 Bxc3+ 6. Qxc3 O-O 7. Nf3 dxc4 8. Qxc4 a6 9. Bf4 Nc6 10. e3 Nd5 11. Bg5 f6 12. Bh4 Qd7 13. Be2 b5 14. Qc2 Bb7 15. O-O Rac8 16.
Rac1 Nce7 17. Bg3 Nf5 18. e4 Nxg3 19. hxg3 Nb6 20. b3 Qe7 21. a4 Qb4 22. axb5 axb5 23. Rfe1 Nd7 24. Bd3 c5 25. d5 c4 26.
bxc4 bxc4 27. Rb1 cxd3 28. Qxc8 Qxb1 29. Qxf8+ Nxf8 30. Rxb1 Bc8 31. Ne1 exd5 32. exd5 d2 33. Nf3 Bb7 34.
d6 Bxf3 35. gxf3 1-0

[Event "British Rapidplay Championship 2023"]
[Site "Mercure Bradford, Bankfield Hotel"]
[Date "2023.04.16"]
[Round "11.11"]
[White "Walker, David J"]
[Black "Larchikov, Maksym"]
[Result "1/2-1/2"]
[TimeControl "15 minutes plus 10 seconds per move"]
[WhiteElo "2250"]
[BlackElo "1871"]

1. c4 e6 2. g3 d5 3. Bg2 Nf6 4. Nf3 Be7 5. O-O O-O 6. b3 c5 7. e3 Nc6 8. Bb2 b6 9. Qe2 Bb7 10. d3 Qc7 11. Nc3 Rac8 12.
Rad1 Rfe8 13. e4 d4 14. Nb1 Nd7 15. Ne1 e5 16. Bh3 Rcd8 17. Bc1 Nf8 18. f4 exf4 19. gxf4 Bc8 20. Bxc8 Qxc8 21.
Kh1 f5 22. Nd2 g6 23. Qg2 Nb8 24. exf5 Qxf5 25. Ne4 Nbd7 26. Ng3 Qg4 27. Nf3 Kh8 28. Rde1 Bh4 29. Nxh4 Qxh4 30. Bd2 Nf6 31. Ne4 Ng4 32. Qg3 Qxg3 33.
hxg3 Kg7 1/2-1/2

[Event "British Rapidplay Championship 2023"]
[Site "Mercure Bradford, Bankfield Hotel"]
[Date "2023.04.16"]
[Round "11.12"]
[White "Shaw, Peter"]
[Black "Keerthi Kumar, Advait"]
[Result "1-0"]
[TimeControl "15 minutes plus 10 seconds per move"]
[WhiteElo "2231"]
[BlackElo "1742"]

1. d4 Nf6 2. c4 g6 3. Nc3 Bg7 4. e4 d6 5. Nf3 O-O 6. Be2 e5 7. Be3 Nc6 8. d5 Ne7 9. Nd2 Ne8 10. b4 f5 11. f3 f4 12. Bf2 Nf6 13. c5 Rf7 14. Nc4 a6 15. cxd6 cxd6 16. Bb6 Qd7 17. a4 Ne8 18. Ba5 Bf6 19. Nb6 Qc7 20. Rc1 Bh4+ 21.
Kf1 Qb8 22. Nxa8 Qxa8 23. Bb6 Bd7 24.
a5 Nc8 25. Bg1 h5 26. Na4 g5 27. Nb6 Nxb6 28. Bxb6 Rg7 29. Bd3 g4 30. Rg1 Nf6 31. Ke2 Qe8 32. Kd2 Qg6 33. Qe2 Bg5 34. Kc3 Nxd5+ 35. exd5 Qf6 36.
Kb3 Re7 37. Be4 Kg7 38. Rc7 Qf7 39. Rgc1 Bc6 40. Rxe7 Bf6 41. Re8 Be7 1-0

[Event "British Rapidplay Championship 2023"]
[Site "Mercure Bradford, Bankfield Hotel"]
[Date "2023.04.16"]
[Round "11.13"]
[White "Kisteneva, Liza"]
[Black "Watson, Phil R"]
[Result "0-1"]
[TimeControl "15 minutes plus 10 seconds per move"]
[WhiteElo "2040"]
[BlackElo "2144"]

1. e4 c6 2. Nc3 d5 3. Nf3 Bg4 4. h3 Bxf3 5. Qxf3 e6 6. exd5 cxd5 7. d4 Nc6 8. Be3 Nf6 9. Bd3 Qb6 10.
O-O Be7 11. a3 O-O 12. b4 Rac8 13. Na4 Qc7 14. Nc5 b6 15. Nb3 e5 16. Bf5 Rcd8 17. b5 exd4 18. Bf4 Ne5 19. Bxe5 Qxe5 20.
Rfe1 Ne4 21. Bxe4 dxe4 22. Rxe4 Qf6 23. Rf4 Qe5 24. Re4 Qf6 25. Qe2 Rd7 26. a4 Bb4 27. Rd1 Bc3 28. Rd3 g6 29.
Re8 Qd6 30. Re4 Kg7 31. h4 h5 32. Nxd4 Qc7 33. Nc6 Bf6 34. g3 a6 35. Qd2 Rxd3 36. cxd3 axb5 37. axb5 Ra8 38. d4 Qd7 39. d5 Qh3 40. Re1 Bxh4 41.
gxh4 Ra4 42. f4 Qg3+ 43. Kh1 Rxf4 44. Qb2+ Kh7 0-1

[Event "British Rapidplay Championship 2023"]
[Site "Mercure Bradford, Bankfield Hotel"]
[Date "2023.04.16"]
[Round "11.14"]
[White "Hall, James"]
[Black "Quilter, Thomas A"]
[Result "0-1"]
[TimeControl "15 minutes plus 10 seconds per move"]
[WhiteElo "1809"]
[BlackElo "2134"]

1. e4 e5 2. Nf3 Nc6 3. d4 exd4 4. Bc4 Nf6 5. O-O Nxe4 6. Nc3 dxc3 7. Bxf7+ Kxf7 8. Qd5+ Kf6 9. Ng5 Nd6 10.
Qf3+ Kg6 11. g4 Ne5 12. Qxc3 Ndf7 13. f4 Nxg5 14. Qxe5 Qf6 15. f5+ Kf7 16. Qd5+ Ke8 17. Bxg5 Qxg5 18.
Rae1+ Kd8 19. Re4 Bd6 20. Rfe1 Qf6 21. h4 c6 22. Qc4 Qxh4 23. R1e2 Kc7 24. Rd4 b6 25. Rxd6 Qg3+ 26. Kf1 Qxd6 27.
Rd2 Qe5 28. Re2 Qg3 29. Rg2 a5 30.
Rxg3 Ba6 0-1

[Event "British Rapidplay Championship 2023"]
[Site "Mercure Bradford, Bankfield Hotel"]
[Date "2023.04.16"]
[Round "11.15"]
[White "Bramson, Mike"]
[Black "Smith, Andrew P"]
[Result "0-1"]
[TimeControl "15 minutes plus 10 seconds per move"]
[WhiteElo "1864"]
[BlackElo "2125"]

1. e4 c5 2. Nf3 Nc6 3. Nc3 Nf6 4. d4 cxd4 5. Nxd4 e5 6. Ndb5 d6 7. Bg5 a6 8. Na3 b5 9. Nd5 Be7 10.
Bxf6 Bxf6 11. c3 O-O 12. Nc2 Rb8 13. Be2 Bg5 14. O-O Ne7 15. Nce3 Bxe3 16. Nxe3 Bb7 17. Nd5 Bxd5 18. exd5 f5 19.
f4 Qb6+ 20. Kh1 Qc5 21. fxe5 dxe5 22. d6 Nd5 23. c4 Ne3 24. Qc1 Nxf1 25. Qxf1 Qxd6 26. cxb5 axb5 27. Bxb5 Kh8 28. b3 e4 29.
Bc4 f4 30. Rd1 Qf6 31. Re1 Rbe8 32. Bd5 Qd4 33. Rd1 Qb2 34. a4 f3 35. gxf3 exf3 36. Qh3 f2 37. Rf1 Re1 38. Bc4 Qe5 39.
Qg2 Rxf1+ 40. Bxf1 Qc5 41. Qe4 Qg5 42. Qg2 Qd2 43. Qe4 Qe1 44. Qg2 h6 45. h3 Rf5 46. Kh2 Qe5+ 47. Kh1 Qe3 48.
Kh2 Rg5 49. Qa8+ Kh7 50. Qf8 Qg3+ 51. Qb8 Qe3 0-1

[Event "British Rapidplay Championship 2023"]
[Site "Mercure Bradford, Bankfield Hotel"]
[Date "2023.04.16"]
[Round "11.17"]
[White "Senior, Gary"]
[Black "McCarthy, Damian M"]
[Result "1-0"]
[TimeControl "15 minutes plus 10 seconds per move"]
[WhiteElo "1911"]
[BlackElo "1860"]

1. e4 c5 2. Nf3 e6 3. d3 Nc6 4.
g3 g6 5.
Bg5 Qb6 6. Qc1 Bg7 7. c3 d6 8. Na3 h5 9. Nc4 Qc7 10. a4 Nge7 11. Bg2 b6 12. O-O e5 13. Qd2 O-O 14. Bh6 f6 15.
Rac1 Kh7 16. Bxg7 Kxg7 17. h4 Be6 18. Ne3 a6 19. d4 Bf7 20. Qc2 Na5 21. d5 b5 22. b4 Nb7 23. a5 cxb4 24.
cxb4 Qxc2 25. Rxc2 Rac8 26. Rfc1 Rxc2 27. Rxc2 Rc8 28. Rxc8 Nxc8 29. Bh3 Ne7 30. Bd7 Nd8 31. Nd1 Kf8 32. Nc3 Be8 33. Be6 Bf7 34. Bh3 Be8 35.
Nd2 Nf7 36. Ndb1 Nh6 37. Be6 Bf7 38. Na3 Be8 39. Naxb5 Nxd5 40. Bxd5 1-0

[Event "British Rapidplay Championship 2023"]
[Site "Mercure Bradford, Bankfield Hotel"]
[Date "2023.04.16"]
[Round "11.19"]
[White "Zhao, George"]
[Black "Ciuravin, Andrei"]
[Result "0-1"]
[TimeControl "15 minutes plus 10 seconds per move"]
[WhiteElo "1675"]
[BlackElo "2185"]

1. d4 d6 2. Nf3 c6 3. g3 g6 4.
Bg2 Bg7 5. O-O Nf6 6. c4 Nbd7 7.
Nc3 O-O 8. e4 Qc7 9. h3 a6 10. Be3 Rb8 11. Rc1 e5 12. c5 dxc5 13. dxc5 Re8 14. Qb3 Nf8 15. Rfd1 Be6 16. Qa3 Rbd8 17.
Rd6 N8d7 18. Rcd1 Bf8 19. R6d2 h6 20. b4 g5 21. g4 Be7 22. Qb2 a5 23. a3 axb4 24. axb4 Ra8 25. Ra1 Nf8 26.
Na4 Nxe4 27. Rdd1 Ng6 28. Nb6 Rxa1 29. Rxa1 Nf6 30. Nd2 Nd5 31. Qa3 Ngf4 32. Nxd5 Nxd5 33. Nc4 Nf4 34. Bxf4 Bxc4 35. Bg3 Bf6 36.
Rd1 Rd8 37. Re1 Bd5 38. Bf1 Re8 39. Qc3 Qe7 40. Qd2 Qe6 41. Bd3 Bf3 0-1

[Event "British Rapidplay Championship 2023"]
[Site "Mercure Bradford, Bankfield Hotel"]
[Date "2023.04.16"]
[Round "11.20"]
[White "Nicholson, Jim WR"]
[Black "Hutchinson, Paul A"]
[Result "0-1"]
[TimeControl "15 minutes plus 10 seconds per move"]
[WhiteElo "1958"]
[BlackElo "2184"]

1. d4 d5 2. Bf4 Nf6 3. e3 e6 4. Nd2 Bd6 5. Bg3 c6 6. c3 Qc7 7. Bd3 Nbd7 8. Bxd6 Qxd6 9. f4 c5 10.
Ngf3 b6 11. O-O Bb7 12. Ne5 Ne4 13. Nxe4 dxe4 14. Bb5 O-O 15. Nxd7 a6 16. Ba4 Rfd8 17. Ne5 b5 18. Bc2 f6 19.
Ng4 Rac8 20. Rc1 b4 21. Qe1 Qb6 22. Bb1 a5 23. Qf2 h5 24. Nxf6+ gxf6 25. Qh4 f5 26. Qg5+ Kf8 27. Qxh5 Rd7 28.
Qh8+ Ke7 29. Qe5 c4 30. Kh1 Rg8 31. Qc5+ Qxc5 32. dxc5 Bd5 33. Bc2 Kf6 34. b3 Rh7 35. Rf2 Rc8 36.
cxb4 axb4 37. bxc4 Bxc4 38. Bb3 Bd3 39. Ba4 Ra7 40. Bb3 Ra5 41. g4 fxg4 42. Rg1 Rg8 43. f5 g3 44. hxg3 Rh8+ 45.
Kg2 exf5 46. g4 Rxc5 47. Rxf5+ Rxf5 48. gxf5 Kxf5 49. Rc1 Rb8 50. Rc5+ Kf6 51. Kg3 Rb5 52. Rc6+ Kg5 53. Bc4 Ra5 54.
Bb3 Rf5 55. Rb6 Rf3+ 56. Kg2 Rxe3 57. Rxb4 Kf4 58. Rb8 Rg3+ 59. Kh2 Rg7 60. Rf8+ Ke3 61. Bd5 Kd2 62. Bxe4 Bxe4 63. a4 Ke3 64.
a5 Bf3 65. Re8+ Kf2 66. Rh8 Rg5 67. a6 Ra5 68. Rh6 Ra1 0-1

[Event "British Rapidplay Championship 2023"]
[Site "Mercure Bradford, Bankfield Hotel"]
[Date "2023.04.16"]
[Round "11.21"]
[White "Ackley, Peter JE"]
[Black "Sivanandan, Bodhana"]
[Result "1/2-1/2"]
[TimeControl "15 minutes plus 10 seconds per move"]
[WhiteElo "2151"]
[BlackElo "1561"]

1. c4 e5 2. Nc3 Nc6 3. Nf3 f5 4. d4 exd4 5. Nxd4 Nxd4 6. Qxd4 Nf6 7. Qe5+ Be7 8. Qxf5 O-O 9. Qd3 b6 10.
e4 Bb7 11. f3 d6 12. Be3 Nd7 13. Qc2 a5 14. Nd5 Bxd5 15. cxd5 Bf6 16. Bb5 Nc5 17. O-O Qe7 18. Rae1 Qe5 19.
b3 Bg5 20. Bxg5 Qxg5 21. Qc1 Qxc1 22. Rxc1 Rf7 23. Rf2 Raf8 24. Rcc2 h6 25. Bc4 Re7 26. Kf1 g5 27. a3 b5 28.
Bxb5 Nxb3 29. h3 Kg7 30. Rb2 Nc5 31. Ke1 Kg6 32. Rfd2 h5 33. Be2 g4 34. hxg4 hxg4 35. Rb5 gxf3 36.
gxf3 Kg5 37. Rdb2 a4 38. Rb8 Rxb8 39. Rxb8 Kf4 40. Kd2 Rf7 41. Bd1 Rf6 42. Rb4 Rf8 43. Kc3 Ke3 44. Kc4 Kd2 45.
Bxa4 Rxf3 46. Be8 Rxa3 47. Kb5 Rc3 48. Bg6 Ke3 49. Bh7 Kf4 50. Bg6 Ke3 51. Bh7 Kf4 52. Bg6 Ke3 53. Bh7 1/2-1/2

[Event "British Rapidplay Championship 2023"]
[Site "Mercure Bradford, Bankfield Hotel"]
[Date "2023.04.16"]
[Round "11.22"]
[White "Walton, Alan J"]
[Black "Buckley, Colm"]
[Result "1/2-1/2"]
[TimeControl "15 minutes plus 10 seconds per move"]
[WhiteElo "2105"]
[BlackElo "1870"]

1. d4 e6 2. Nf3 Nf6 3. c4 d5 4. cxd5 exd5 5. Nc3 c6 6. Bg5 h6 7. Bh4 Be7 8. e3 Bf5 9. Bd3 Bxd3 10.
Qxd3 Nbd7 11. O-O O-O 12. Rab1 a5 13. Rfc1 Re8 14. a3 Bd6 15. b4 axb4 16. axb4 Ra3 17. Qc2 Qa8 18. b5 Rc8 19.
Qb2 Ra5 20. Bg3 Ba3 1/2-1/2

[Event "British Rapidplay Championship 2023"]
[Site "Mercure Bradford, Bankfield Hotel"]
[Date "2023.04.16"]
[Round "11.23"]
[White "Ortiz Sanchez, Luis"]
[Black "Bastow, Mark A"]
[Result "1/2-1/2"]
[TimeControl "15 minutes plus 10 seconds per move"]
[WhiteElo "1888"]
[BlackElo "1739"]

1. d4 d5 2. Nf3 e6 3. Bf4 c5 4. e3 Nc6 5. c3 Nf6 6. h3 Be7 7. Nbd2 O-O 8. Bd3 b6 9. Qe2 Bb7 10.
O-O a6 11. a4 c4 12. Bc2 b5 13. axb5 axb5 14. e4 dxe4 15. Nxe4 Nd5 16. Bg5 h6 17.
Bxe7 Qxe7 18. Nc5 Rxa1 19. Rxa1 Ra8 20. Re1 Nf6 21. Nxb7 Qxb7 22. Bb1 Qd7 23. Ne5 Nxe5 24. Qxe5 Qd5 25.
Qc7 Qd8 26. Qc6 Qd5 27. Qb6 Nd7 28. Qc7 Nf6 29. Re5 Qd7 30. Qb6 Nd5 31. Qc5 Ra1 32. Re1 Ra7 33. Be4 Rc7 34. Qa3 Ra7 35.
Qc5 Rc7 36. Qa3 Ra7 37. Qc5 Rc7 1/2-1/2

[ePGN "0.1;DGT LiveChess/2.2.5"]

[Event "British Rapidplay Championship 2023"]
[Site "Mercure Bradford, Bankfield Hotel"]
[Date "2023.04.15"]
[Round "2.1"]
[White "Ghasi, Ameet K"]
[Black "Mazek, Marek"]
[Result "1-0"]
[TimeControl "15 minutes plus 10 seconds per move"]
[WhiteElo "2631"]
[BlackElo "2052"]

1. Nf3 Nf6 2. g3 d5 3. Bg2 c6 4. O-O e6 5. d3 Be7 6. Nbd2 O-O 7. e4 b6 8. e5 Ne8 9. h4 Ba6 10. Re1 Nd7 11. Nf1 Nc7 12. N1h2 c5 13. Ng5 h6 14.
Nh3 Re8 15. Qg4 f5 16. exf6 Nxf6 17. Qg6 Kh8 18. g4 Nh7 19. g5 Rg8 20. Bf4 Bd6 21. Rxe6 Nxe6 22. Qxe6 Be7 23. Qxd5 hxg5 24.
hxg5 Qc8 25. Re1 Rd8 26. Qxa8 Qd7 27. Qe4 Bf8 28. Be5 Bc8 29. Qh4 Kg8 30. g6 Nf6 31. Bxf6 gxf6 32. Bd5+ 1-0

[Event "British Rapidplay Championship 2023"]
[Site "Mercure Bradford, Bankfield Hotel"]
[Date "2023.04.15"]
[Round "2.3"]
[White "Wells, Peter K"]
[Black "Kisteneva, Liza"]
[Result "1-0"]
[TimeControl "15 minutes plus 10 seconds per move"]
[WhiteElo "2466"]
[BlackElo "2040"]

1. d4 d5 2. c4 c6 3. Nf3 Nf6 4.
Nc3 e6 5. e3 Nbd7 6. Qc2 Bd6 7.
Bd3 dxc4 8. Bxc4 e5 9. O-O O-O 10. Bb3 Qc7 11. Bd2 exd4 12. exd4 h6 13. Bxh6 Bf4 14. Bxf4 Qxf4 15. Rfe1 Nb6 16.
Qc1 Qg4 17. Re5 Nbd5 18. Nxd5 Nxd5 19. Bxd5 cxd5 20. Qd2 Bd7 21. Rxd5 Bc6 22. Rg5 Qc8 23. d5 Rd8 24. Qc3 1-0

[Event "British Rapidplay Championship 2023"]
[Site "Mercure Bradford, Bankfield Hotel"]
[Date "2023.04.15"]
[Round "2.4"]
[White "Ashton, Adam G"]
[Black "Brencher, Paul"]
[Result "1-0"]
[TimeControl "15 minutes plus 10 seconds per move"]
[WhiteElo "2390"]
[BlackElo "1929"]

1. e4 e6 2. d3 d5 3. Nd2 Nf6 4. g3 c5 5. Bg2 Nc6 6. Ngf3 Be7 7. O-O b5 8. exd5 Nxd5 9. a4 b4 10.
Nc4 Bb7 11. Re1 O-O 12. a5 a6 13. h4 Bf6 14. Bg5 Qc7 15. Qd2 Rad8 16. Bxf6 Nxf6 17. Qe3 Nd4 18. Nxd4 Rxd4 19. Qe5 Qxe5 20.
Rxe5 Bxg2 21. Kxg2 Rd5 22. Rae1 Rfd8 23. Nb6 Rxe5 24. Rxe5 Nd5 25. Na4 Rc8 26. Re4 Kf8 27. Rc4 Ke7 28.
Rxc5 Rb8 29. c4 bxc3 30. bxc3 Kd7 31. c4 Rb4 32. cxd5 Rxa4 33. dxe6+ fxe6 34. Kf3 Kd6 35. Rg5 g6 36.
h5 gxh5 37. Rxh5 e5 38. Rh6+ Kd5 39. Rxa6 Ra3 40. Ke2 Ra2+ 41. Ke3 Ra4 42. Ra8 h6 43. a6 Kc6 44. Rh8 h5 45. Rxh5 Kd5 46.
f4 Kd6 47. Rxe5 Rxa6 48. g4 Ra1 49. Ke4 Rd1 50. g5 Rg1 51. Kf5 Rg2 52. Re1 Rg3 53. g6 Kd5 54. Kf6 Rxd3 55. g7 Rf3 56.
g8=Q+ 1-0

[Event "British Rapidplay Championship 2023"]
[Site "Mercure Bradford, Bankfield Hotel"]
[Date "2023.04.15"]
[Round "2.5"]
[White "Larchikov, Maksym"]
[Black "Pitcher, John"]
[Result "0-1"]
[TimeControl "15 minutes plus 10 seconds per move"]
[WhiteElo "1871"]
[BlackElo "2358"]

1. d4 d5 2. Nf3 Nf6 3. c4 c6 4. e3 a6 5. cxd5 cxd5 6. Nc3 Nc6 7. Bd3 Bg4 8. O-O e6 9. b3 Rc8 10. Bb2 Bd6 11. Rc1 O-O 12. h3 Bh5 13.
Bb1 Re8 14. Re1 Bb8 15. Bd3 Qd6 16. g4 Bg6 17. Bxg6 hxg6 18. Nb1 Qd8 19. Ne5 Nxe5 20. Rxc8 Qxc8 21. dxe5 Nd7 22. f4 Qd8 23.
Nd2 Qh4 24. Kg2 Rc8 25. Nf3 Qd8 26. Qd2 Nc5 27. Rc1 Ne4 28. Qe1 Ba7 29. g5 Rc6 30. Bd4 Qc7 31. Rxc6 bxc6 32. b4 c5 33.
bxc5 Bxc5 34. Qc1 Qb6 35. Bxc5 Nxc5 36. Nd4 Qa5 37. Qc2 Ne4 38. Kf1 Kh7 39. h4 Qa3 40. Qg2 0-1

[Event "British Rapidplay Championship 2023"]
[Site "Mercure Bradford, Bankfield Hotel"]
[Date "2023.04.15"]
[Round "2.6"]
[White "Dong, Bao Nghia"]
[Black "Khoury, Theo"]
[Result "1-0"]
[TimeControl "15 minutes plus 10 seconds per move"]
[WhiteElo "2331"]
[BlackElo "1772"]

1. Nf3 d5 2. g3 Nd7 3. Bg2 e5 4.
d3 Bd6 5. O-O Ngf6 6. c4 c6 7. b3 O-O 8. Ba3 Qe7 9.
Bxd6 Qxd6 10. Qc1 b6 11. Qa3 Qxa3 12. Nxa3 Bb7 13. Rfc1 Rac8 14. Bh3 Rfe8 15. cxd5 cxd5 16. Nb5 Rc5 17.
Nd6 Rb8 18. b4 Rxc1+ 19. Rxc1 e4 20. Ng5 Ne5 21. Ngxf7 Nxf7 22. Nxb7 Rxb7 23. Rc8+ Nd8 24. Rxd8+ Kf7 25. dxe4 dxe4 26.
Rc8 Nd5 27. Rc4 e3 28. fxe3 Nxe3 29. Re4 Re7 30. Bg2 Rxe4 31. Bxe4 h6 32. a4 a5 33. bxa5 bxa5 34. Kf2 Ng4+ 35.
Kg2 Ke6 36. h3 Ne5 37. Kf2 Kd6 38. Ke3 Kc5 39. Kf4 Nc4 40. Bc2 Kd4 41. Bd3 Nb6 42. Bb5 Nd5 43. Kf3 Nc3 44. Be8 Kc4 45.
e3 Kb4 46. e4 Nxa4 47. e5 Nc5 48. Bf7 Nd7 49. e6 Ne5+ 50. Ke4 Nc6 51. Kd5 Ne7+ 52. Kd6 Nf5+ 53. Kd7 Nxg3 54. Bg6 1-0

[Event "British Rapidplay Championship 2023"]
[Site "Mercure Bradford, Bankfield Hotel"]
[Date "2023.04.15"]
[Round "2.7"]
[White "Hryshchenko, Kamila"]
[Black "Eckersley-Waites, Tom"]
[Result "1-0"]
[TimeControl "15 minutes plus 10 seconds per move"]
[WhiteElo "2019"]
[BlackElo "2304"]

1. e4 c5 2. Nf3 Nc6 3. Bb5 Nf6 4. d3 g6 5. Bxc6 bxc6 6. Be3 d6 7. Nbd2 Bg7 8. c3 Rb8 9. Qc2 Ng4 10.
Bg5 h6 11. Bh4 g5 12. Bg3 f5 13. exf5 Bxf5 14. Nc4 O-O 15. h4 Qe8 16. hxg5 hxg5 17. O-O-O Qc8 18. Rh5 Bg6 19. Rhh1 Qa6 20.
a3 Qb5 21. Qe2 e5 22. Nxd6 Qb3 23. Nc4 Qa2 24. Nxg5 e4 25. Nxe4 Rb3 26. Qxg4 Bf5 27. Qg5 Bxe4 28. dxe4 Rxc3+ 29. bxc3 Qa1+ 30. Kd2 Qxc3+ 31. Ke2 Qxc4+ 32. Rd3 Qxe4+ 33. Qe3 Qg4+ 34. Kf1 c4 35. Rd2 c3 36. Re2 Qa4 37. Qe6+ Rf7 38.
Qc8+ Bf8 39. Rh4 Qd1+ 40. Re1 Qd3+ 41. Kg1 c2 42. Qg4+ Bg7 43. Re8+ Rf8 44. Qe6# 1-0

[Event "British Rapidplay Championship 2023"]
[Site "Mercure Bradford, Bankfield Hotel"]
[Date "2023.04.15"]
[Round "2.8"]
[White "Makkar, Rajat"]
[Black "Hall, James"]
[Result "1-0"]
[TimeControl "15 minutes plus 10 seconds per move"]
[WhiteElo "2297"]
[BlackElo "1809"]

1. d4 Nf6 2. Nc3 d5 3. Bf4 Nc6 4. Nb5 e5 5. Bxe5 Ne4 6. Nxc7+ Kd7 7. c3 Nxe5 8. Nxa8 Qa5 9. g3 Nxc3 10. Bh3+ Kd8 11. bxc3 Bxh3 12.
Nxh3 Nc4 13. O-O Be7 14. e4 Kc8 15. exd5 Kb8 16. Qe2 Qb5 17. Qxe7 Re8 18. Nc7 Rxe7 19. Nxb5 Nd2 20. d6 Rd7 21.
Rfd1 Nc4 22. Re1 Rd8 23. d7 a6 24. Re8 1-0

[Event "British Rapidplay Championship 2023"]
[Site "Mercure Bradford, Bankfield Hotel"]
[Date "2023.04.15"]
[Round "2.9"]
[White "Singh, Amrik J"]
[Black "Ismail, Mohammed Aayan"]
[Result "0-1"]
[TimeControl "15 minutes plus 10 seconds per move"]
[WhiteElo "1855"]
[BlackElo "2269"]

1. e4 c6 2. f4 d5 3. e5 c5 4. c3 Nc6 5. Nf3 Bg4 6. d3 e6 7. Be2 Nh6 8. Na3 Nf5 9. Nc2 h5 10. O-O h4 11. Ne3 Nxe3 12. Bxe3 Be7 13. a3 O-O 14.
Bf2 a5 15. Qe1 a4 16. Rd1 b5 17. c4 b4 18. Rd2 h3 19. Ng5 Bxe2 20. Qxe2 Bxg5 21. fxg5 hxg2 22. Kxg2 Qxg5+ 23. Bg3 Nd4 24. Qf2 dxc4 25. dxc4 bxa3 26.
bxa3 Rab8 27. Rb2 Rxb2 28. Qxb2 Nf5 29. Re1 Rd8 30. Qf2 Rd2 31. Re2 Ne3+ 32. Kf3 Qf5+ 33. Bf4 Qh3+ 34. Bg3 Qf5+ 35.
Bf4 Ng4 36. Qxc5 Rxe2 37. Kxe2 Qxf4 38. Qd6 Qe3+ 39. Kd1 Nf2+ 40. Kc2 Qe2+ 41. Qd2 Qxc4+ 42. Kb1 Qb3+ 0-1

[Event "British Rapidplay Championship 2023"]
[Site "Mercure Bradford, Bankfield Hotel"]
[Date "2023.04.15"]
[Round "2.10"]
[White "Walker, David J"]
[Black "Sivanandan, Bodhana"]
[Result "1-0"]
[TimeControl "15 minutes plus 10 seconds per move"]
[WhiteElo "2250"]
[BlackElo "1561"]

1. c4 e5 2. Nc3 Nc6 3. e3 Nge7 4.
Nf3 g6 5. h4 Bg7 6. h5 d6 7. a3 Bg4 8. h6 Bf8 9. Be2 Nf5 10. d4 exd4 11. Nxd4 Bxe2 12. Ncxe2 Ncxd4 13. exd4 Be7 14.
Bf4 Bg5 15. Qd2 Bxf4 16. Qxf4 c6 17. g4 Ne7 18. O-O-O Qd7 19. Nc3 O-O-O 20. Rhe1 f5 21. g5 d5 22. c5 Rhe8 23. Re5 Ng8 24.
Rde1 Rxe5 25. Qxe5 Qc7 26. Kd2 Qxe5 27. Rxe5 Kd7 28. Ke3 Ne7 29. Kf4 b6 30. Na4 b5 31. Nc3 a5 32. Ne2 b4 33. a4 b3 34. Re3 Rb8 35. Nc1 Rb4 36. Ke5 Rxa4 37.
Rxb3 Ra1 38. Nd3 Rd1 39. Kf6 a4 40. Ne5+ Kd8 41. Rb4 Rd2 42. Rxa4 Rxf2 43. Ra8+ Nc8 44. Nxg6 hxg6 45. h7 Rh2 46.
Kg7 Kd7 47. h8=Q Rxh8 48. Kxh8 Ne7 49. Kg7 f4 50. Kf6 Nf5 51. Ra7+ Kd8 52. Kxg6 Nxd4 53. Kf6 f3 54. g6 f2 55.
Ra1 Nb3 56. Rh1 Nxc5 57. g7 Ne4+ 58. Ke5 Kc7 59. g8=Q Kb7 60. Qg2 Kb6 61. Rf1 Kb5 62. Rxf2 Nxf2 63. Qxf2 Kc4 64. Qc2+ Kb5 65. Kd6 Kb4 66. Qxc6 d4 67.
Qe4 Kb3 68. Qxd4 Ka2 69. b4 Ka3 70. b5 Ka2 71. Qb4 Ka1 72. b6 Ka2 73. b7 Ka1 74. b8=R Ka2 75. Qa4# 1-0

[Event "British Rapidplay Championship 2023"]
[Site "Mercure Bradford, Bankfield Hotel"]
[Date "2023.04.15"]
[Round "2.11"]
[White "Pink, Joshua"]
[Black "Shaw, Peter"]
[Result "0-1"]
[TimeControl "15 minutes plus 10 seconds per move"]
[WhiteElo "1824"]
[BlackElo "2231"]

1. e4 c6 2. d4 d5 3. e5 Bf5 4. Nc3 e6 5. g4 Bg6 6. Nge2 c5 7. h4 h6 8. h5 Bh7 9. Be3 Nc6 10. f4 cxd4 11. Nxd4 Nxd4 12. Qxd4 Ne7 13. f5 Nc6 14. Bb5 Be7 15.
fxe6 fxe6 16. Rf1 Rf8 17. O-O-O a6 18. Rxf8+ Kxf8 19. Bxc6 bxc6 20. Rf1+ Kg8 21. Ne2 c5 22. Qd2 d4 23.
Bf4 Qd5 24. Kb1 d3 25. cxd3 Qxd3+ 26. Ka1 Rd8 27. Rd1 Qf3 28. Qe1 Rxd1+ 29. Qxd1 Qxg4 30. a3 Qxh5 31. Qd2 Qh1+ 32. Ka2 Qd5+ 33. Qxd5 exd5 34. Nc3 d4 35.
Nd5 Kf7 36. Kb3 g5 37. Bg3 Bd3 38. Nc7 h5 39. Bf2 h4 40. Nd5 Ke6 0-1

[Event "British Rapidplay Championship 2023"]
[Site "Mercure Bradford, Bankfield Hotel"]
[Date "2023.04.15"]
[Round "2.13"]
[White "Hutchinson, Paul A"]
[Black "Bak, Andrew"]
[Result "0-1"]
[TimeControl "15 minutes plus 10 seconds per move"]
[WhiteElo "2184"]
[BlackElo "1959"]

1. d4 d5 2. Bf4 Nf6 3. e3 c5 4. Nf3 Nc6 5. Nbd2 cxd4 6.
exd4 Bg4 7. c3 e6 8. Qa4 Bd6 9. Ne5 Bxe5 10. dxe5 Nd7 11. Bb5 Qc7 12. Bg3 Bf5 13. Nf3 O-O 14. O-O Be4 15. Ng5 Bg6 16. f4 a6 17. Bxc6 bxc6 18.
Qd4 c5 19. Qe3 c4 20. Bf2 Rab8 21. Qd2 Rb7 22. Bd4 Nc5 23. Qe3 Rc8 24. g4 h6 25. f5 exf5 26. gxf5 Bh5 27. Nh3 Rxb2 28.
Nf4 Bg4 29. Ng2 Ne4 30. Qf4 Bh3 31. Ne3 Bxf1 32. Rxf1 Rcb8 33. Nxd5 Qd8 34. Qxe4 Qg5+ 0-1